 Dungeon Crawl Stone Soup version 0.30.0-5-g1a98f26d00 (webtiles) character file.

Game seed: 17220307795762543627

67 Dordric the Magician (level 4, -1/33 HPs)
             Began as a Djinni Hexslinger on May 12, 2023.
             Slain by a hound (2 damage)
             ... on level 3 of the Dungeon.
             The game lasted 00:01:40 (1345 turns).

Dordric the Magician (Djinni Hexslinger)            Turns: 1345, Time: 00:01:41

Health: -1/33      AC:  4    Str:  9    XL:     4   Next: 40%
Gold:   117        EV: 12    Int: 15    God:
                   SH:  0    Dex: 15

rFire   + + .        a - +1 sling
rCold   x . .        (no shield)
rNeg    . . .        c - +0 robe
rPois   ∞            (no helmet)
rElec   .            p - +0 cloak
rCorr   .            m - +0 pair of gloves
SInv    .            (boots unavailable)
Will    .....        (no amulet)
Stlth   +            (no ring)
HPRegen 0.25/turn    (no ring)
MPRegen 0.00/turn

%: infuse magic (-2 HP)
@: flying, very slightly contaminated, slowed, very slow
A: sickness immunity, fire resistance 2, cold vulnerability 1, float, innate
caster, HP casting, extra vitality 1
a: no special abilities


You were on level 3 of the Dungeon.
You visited 1 branch of the dungeon, and saw 3 of its levels.

You collected 117 gold pieces.

Inventory:

Hand Weapons
 a - a +1 sling (weapon)
Armour
 c - a +0 robe (worn)
 j - a +0 ring mail
 m - a +0 pair of gloves (worn)
 p - a +0 cloak (worn)
Scrolls
 b - a scroll of poison
 d - a scroll of summoning {unknown}
 f - a scroll of fog {unknown}
 i - a scroll of teleportation {unknown}
 k - a scroll of vulnerability {unknown}
 l - a scroll of magic mapping {unknown}
 n - 2 scrolls of identify {unknown}
Potions
 e - 2 potions of attraction {unknown}
 g - 2 potions of might {unknown}
 h - a potion of magic {unknown}
 o - 2 potions of degeneration {unknown}


   Skills:
 + Level 2.3 Fighting
 + Level 2.3 Ranged Weapons
 - Level 2.1 Dodging
 + Level 3.0 Spellcasting


You knew the following spells:

 Your Spells              Type           Power      Damage    Failure   Level
a - Slow                  Hex            44%        N/A       6%          1
b - Inner Flame           Hex/Fire       11%        N/A       17%         3
c - Portal Projectile     Hex/Tloc       22%        N/A       17%         3
d - Cause Fear            Hex            5%         N/A       50%         4
e - Apportation           Tloc           22%        N/A       6%          1
Your spell library was empty.

Dungeon Overview and Level Annotations

Branches:
Dungeon (3/15)

Altars:

Shops:
D:1 :


Innate Abilities, Weirdness & Mutations

You are immune to sickness and miasma.
You are immune to poison.
Your flesh is very heat resistant. (rF++)
You are vulnerable to cold. (rC-)
You float through the air rather than walking.
You learn spells naturally, not from books.
Your magical power is your life essence.
You have superior vitality. (+4 MHP)


Message History

The hound bites you but does no damage. The hobgoblin hits you.
The hound barely misses you.
You shoot a sling bullet.
The sling bullet closely misses the hound.
The hound bites you. The hobgoblin hits you. The hound bites you.
You are too injured to fight recklessly!
You are too injured to fight recklessly!
You are too injured to fight recklessly!
You are too injured to fight recklessly!
You are too injured to fight recklessly!
You are too injured to fight recklessly!
You are too injured to fight recklessly!
You are too injured to fight recklessly!
The hound completely misses you. The hound attacks as you move away!
The hound bites you. The hound attacks as you move away!
The hound bites you but does no damage. The hound bites you.
* * * LOW HITPOINT WARNING * * *
The hound attacks as you move away! The hound bites you.
* * * LOW HITPOINT WARNING * * *
Casting: Slow (safe; 6% risk of failure)
Confirm with . or Enter, or press ? or * to list all spells.
Okay, then.
Casting: Slow (safe; 6% risk of failure)
Confirm with . or Enter, or press ? or * to list all spells.
The spell is astonishingly dangerous to miscast (50% risk of failure)!
Continue anyway?
Casting: Cause Fear (astonishingly dangerous; 50% risk of failure)
Press: ? - help, Dir - look around, f - activate You miscast Cause Fear.
You are very lightly contaminated with residual magic.
The air around you crackles with energy.
You feel yourself slow down.
* * * LOW HITPOINT WARNING * * *
The hound bites you but does no damage. The hound barely misses you.
Casting: Cause Fear (astonishingly dangerous; 50% risk of failure)
Confirm with . or Enter, or press ? or * to list all spells.
You don't have enough health to cast this spell.
There are monsters nearby!
The hound attacks as you move away! The hound bites you.
You die...

.#. ###........⌠...
...## #............
.....#######.......####.
..................#
#..#...⌠........###
#.................#
#.#..####...###.<.#
####....# #.8.# #...#
.......@####...# #####
#######.hg.#####....
........###.........
........# #...†.....
........# #........)
...###### ##........ ..
#........ . #........
#........


You could see a hound and a hobgoblin.

Vanquished Creatures
  3 adders
  A worm (D:2)
  2 dart slugs
  2 ball pythons
  2 bats (D:2)
  5 endoplasms
  A goblin (D:2)
  2 hobgoblins
  3 jackals (D:1)
  3 quokkas
  4 frilled lizards
  2 kobolds
  3 rats (D:1)
33 creatures vanquished.

Notes
Turn   | Place    | Note
-------+----------+-------------------------------------------
     0 | D:1      | Dordric the Djinni Hexslinger began the quest for the Orb.
     0 | D:1      | Dordric set off with the following spells memorised: Slow,
                  | Inner Flame, Portal Projectile, Cause Fear.
     0 | D:1      | Reached XP level 1. HP: 17/17 MP: 0/0
    84 | D:1      | Reached XP level 2. HP: 22/22 MP: 0/0
   183 | D:1      | Found Jitsos's Vocational Training.
   717 | D:2      | Reached XP level 3. HP: 28/28 MP: 0/0
   717 | D:2      | Learned a level 1 spell: Apportation
  1048 | D:2      | Reached XP level 4. HP: 31/33 MP: 0/0
  1291 | D:3      | Reached skill level 3 in Spellcasting
  1345 | D:3      | Slain by a hound

Illustrated notes

Levels and vault maps discovered:
D:1:      tarquinn_simple_flora_water_a, layout_loops_ring,
          nicolae_shop_vocational
D:2:      layout_rooms
D:3:      layout_basic, hellmonk_ecumenical_altar_slurped_away,
          dreamdust_mushroom_princess, nicolae_elevator_lobby_asterisk

Skill      XL: |  1  2  3  4 |
---------------+-------------+-----
Ranged Weapons | 2 |  2.3
Fighting       | 2 |  2.3
Spellcasting   | 3 |  3.0
Dodging        | |  2.1

Action                     |  1- 3 |  4- 6 || total
---------------------------+-------+-------++-------
   Fire: Sling             |    98 |    49 ||   147
   Cast: Slow              |     1 |       ||     1
 Armour: Robe              |    15 |    15 ||    30
  Dodge: Dodged            |    43 |    30 ||    73
